 Dungeon Crawl Stone Soup version 0.31-a0-263-ge8cad7f256 (webtiles) character file.

Game seed: 2823308155112141531

1425 promet the Magician (level 8, -3/46 HPs)
             Began as a Deep Elf Conjurer on July 13, 2023.
             Was an Initiate of Sif Muna.
             Killed from afar by a white imp (9 damage)
             ... with a puff of frost
             ... on level 5 of the Dungeon.
             The game lasted 00:27:42 (6203 turns).

promet the Magician (Deep Elf Conjurer)             Turns: 6203, Time: 00:27:44

Health: -3/46      AC:  5    Str:  6    XL:     8   Next: 44%
Magic:  26/29      EV: 18    Int: 24    God:    Sif Muna [......]
Gold:   903        SH:  0    Dex: 13    Spells: 14/20 levels left

rFire   . . .        a - +2 hammer (heavy)
rCold   . . .        (no shield)
rNeg    . . .        c - +0 robe
rPois   .            k - +0 helmet
rElec   .            t - +0 cloak
rCorr   .            (no gloves)
SInv    .            f - +0 pair of boots
Will    .....        e - amulet of magic regeneration
Stlth   +++          g - ring of magical power
HPRegen 0.27/turn    E - +5 ring of evasion
MPRegen 0.61/turn

%: no passive effects
@: mighty
A: no striking features
a: Renounce Religion


You were on level 5 of the Dungeon.
You worshipped Sif Muna.
Sif Muna was noncommittal.
You visited 2 branches of the dungeon, and saw 7 of its levels.

You collected 958 gold pieces.
You spent 55 gold pieces at shops.

Inventory:

Hand Weapons
 a - a +2 heavy hammer (weapon)
 b - a +3 sling of draining
 j - a +0 club
 n - a +0 dagger
 o - a +0 mace
 r - a +0 broad axe
 v - a +0 spectral rapier
 w - a +1 whip of electrocution
 x - a +4 quarterstaff of chaos
 y - a +3 dagger of venom
Missiles
 d - 4 boomerangs
 p - 3 datura-tipped darts (quivered)
 q - 4 poisoned darts
 u - 12 stones
Armour
 c - a +0 robe (worn)
 f - a +0 pair of boots (worn)
 k - a +0 helmet (worn)
 t - a +0 cloak (worn)
Jewellery
 e - an amulet of magic regeneration (around neck)
 g - a ring of magical power (left hand)
 s - a ring of flight
 E - a +5 ring of evasion (right hand)
Wands
 A - a wand of polymorph (3)
Scrolls
 C - 3 scrolls of teleportation
 F - a scroll of revelation
Potions
 h - a potion of magic
 i - 2 potions of curing
 l - 3 potions of might
 m - 2 potions of haste
 z - 2 potions of mutation {unknown}
 B - a potion of attraction


   Skills:
 * Level 3.0 Fighting
 + Level 1.8 Short Blades
 + Level 1.3 Maces & Flails
 + Level 2.3 Ranged Weapons
 + Level 1.7 Throwing
 + Level 4.1 Dodging
 + Level 6.2 Stealth
 + Level 6.9 Spellcasting
 + Level 6.9 Conjurations
 + Level 0.3 Hexes


You had 14 spell levels left.
You knew the following spells:

 Your Spells              Type           Power      Damage    Failure   Level
a - Magic Dart            Conj           100%       1d8       1%          1
b - Searing Ray           Conj           82%        2d7       1%          2
c - Dazzling Flash        Conj/Hex       50%        N/A       4%          3

Your spell library contained the following spells:

 Spells                   Type           Power      Damage    Failure   Level
 Fulminant Prism          Conj/Hex       12%        3d9       16%         4
 Iskenderun's Mystic Bla  Conj/Tloc      25%        2d7       17%         4
 Fireball                 Conj/Fire      12%        3d7       43%         5
 Cause Fear               Hex            4%         N/A       54%         4
 Dragon's Call            Summ           4%         N/A       100%        9


Dungeon Overview and Level Annotations

Branches:
Dungeon (6/15)             Temple (1/1) D:4

Altars:
Ashenzari
Cheibriados
Elyvilon
Fedhas
Gozag
Nemelex Xobeh
Ru
Sif Muna
Uskayaw
Wu Jian
Yredelemnul
Zin
The Shining One

Shops:
D:3 !

Annotations:
D:5 Menkaure
D:6 Sigmund


Message History

Casting: Dazzling Flash (dangerous; 4% risk of failure)
Confirm with . or Enter, or press ? or * to list all spells.
Aiming: Searing Ray (safe; 1% risk of failure)
Press: ? - help, Shift-Dir - straight line, f - Menkaure
Aim: Menkaure (91% to hit)
The searing ray hits Menkaure.
Menkaure is lightly damaged. (Press . to maintain the ray.)
The white imp closely misses you.
Menkaure mumbles some strange words.
Menkaure seems to speed up.
The searing ray hits Menkaure!
Menkaure is moderately damaged.
Menkaure misses you. The white imp hits you. The white imp freezes you.
The searing ray hits Menkaure.
Menkaure is heavily damaged.
Menkaure hits you! The white imp closely misses you.
The searing ray misses Menkaure.
You finish channelling your searing ray.
The white imp is no longer blind.
Menkaure calls on the powers of darkness!
Your body is wracked with pain!
* * * LOW HITPOINT WARNING * * *
The white imp misses you.
Menkaure calls on the powers of darkness!
Your body is wracked with pain!
* * * LOW HITPOINT WARNING * * *
You feel very mighty all of a sudden. The white imp closely misses you.
Menkaure calls on the powers of darkness!
Your body is wracked with pain!
* * * LOW HITPOINT WARNING * * *
You sock Menkaure!
Menkaure is almost destroyed.
Menkaure closely misses you.
The white imp hits you but does no damage.
Menkaure hits you but does no damage. The white imp gestures at you.
The puff of frost hits you!
You die...

#.....##....###..........
#................##...###
##........##.....##....##
##.........###.......###
#........## #..[#......
#........####.###......
##.###....##....#.......
#...#.5.................
##..#.M@................
##.##.....^.............
#...................####
#....................#
###.................####
#..##.....<..........#
###................#..
##.#.##........#####
#####..........# ##


You could see Menkaure (fast) and a white imp.

Vanquished Creatures
  Pikel (Temple)
  Eustachio (D:4)
  Duvessa (D:5)
  A phantom (D:5)
  A scorpion (D:4)
  Dowan (D:4)
  A jelly (D:5)
  Crazy Yiuf (D:3)
  2 hounds
  3 orc wizards (D:3)
  4 iguanas
  5 adders
  2 white imps (D:5)
  A worm (D:3)
  A dart slug (D:3)
  8 orcs
  9 ball pythons
  5 endoplasms
  4 giant cockroaches
  6 hobgoblins
  9 jackals
  2 quokkas (D:3)
  8 bats
  3 frilled lizards
  4 goblins
  5 kobolds
  4 rats
93 creatures vanquished.

Vanquished Creatures (collateral kills)
  A water moccasin (D:4)
  An iguana (D:4)
  An adder (D:4)
  2 orcs
5 creatures vanquished.

Grand Total: 98 creatures vanquished

Notes
Turn   | Place    | Note
-------+----------+-------------------------------------------
     0 | D:1      | promet the Deep Elf Conjurer began the quest for the Orb.
     0 | D:1      | Reached XP level 1. HP: 10/10 MP: 6/6
   720 | D:1      | Reached XP level 2. HP: 15/15 MP: 8/8
   723 | D:1      | Learned a level 2 spell: Searing Ray
   792 | D:1      | Reached skill level 5 in Conjurations
  1679 | D:2      | Reached XP level 3. HP: 19/19 MP: 9/9
  2336 | D:3      | Reached XP level 4. HP: 24/24 MP: 11/11
  2340 | D:3      | Learned a level 3 spell: Dazzling Flash
  2583 | D:3      | Found a faded altar of an unknown god.
  2631 | D:3      | Reached XP level 5. HP: 26/28 MP: 13/13
  2810 | D:3      | Found Hobagg Waas's Distillery.
  2824 | D:3      | Bought a potion of heal wounds for 55 gold pieces
  2842 | D:3      | Reached skill level 1 in Short Blades
  2860 | D:3      | Found a runed translucent door.
  2860 | D:3      | Noticed Crazy Yiuf
  2863 | D:3      | Killed Crazy Yiuf
  3062 | D:4      | Noticed Eustachio
  3079 | D:4      | Killed a water moccasin
  3080 | D:4      | Reached XP level 6. HP: 33/33 MP: 15/15
  3090 | D:4      | Reached skill level 5 in Spellcasting
  3116 | D:4      | Killed Eustachio
  3432 | D:4      | Reached skill level 1 in Fighting
  3432 | D:4      | Reached skill level 1 in Ranged Weapons
  3432 | D:4      | Reached XP level 7. HP: 23/38 MP: 17/17
  3871 | D:4      | Noticed Pikel
  4095 | D:4      | Found a staircase to the Ecumenical Temple.
  4121 | Temple   | Entered the Ecumenical Temple
  4123 | Temple   | Killed Pikel
  4124 | Temple   | Reached skill level 1 in Maces & Flails
  4124 | Temple   | Reached skill level 1 in Throwing
  4124 | Temple   | Reached skill level 5 in Stealth
  4124 | Temple   | Reached XP level 8. HP: 24/44 MP: 19/19
  4253 | Temple   | Became a worshipper of Sif Muna the Loreminder
  4808 | D:5      | Entered Level 5 of the Dungeon
  4808 | D:5      | Noticed Duvessa
  4808 | D:5      | Noticed Dowan
  4828 | D:5      | Killed Duvessa
  4839 | D:4      | Killed Dowan
  5639 | D:5      | Identified a scroll of acquirement
  5639 | D:5      | Acquired 745 gold pieces
  6159 | D:6      | Noticed Menkaure
  6159 | D:6      | Noticed Sigmund
  6203 | D:5      | Killed from afar by a white imp

Illustrated notes

Levels and vault maps discovered:
D:1:      minmay_arrival_diagonal_passages, layout_loops_corners
D:2:      layout_basic, hangedman_decor_push, st_stairs_13
D:3:      layout_loops_ring, serial_shops, shop,
          hellmonk_ecumenical_altar_heavens_door, uniq_crazy_yiuf_cottage
D:4:      layout_cave_pools, minmay_temple_entry_purple_smoke, uniq_pikel,
          uniq_eustachio
D:5:      layout_cave_pools, uniq_duvessa
D:6:      layout_rooms, minmay_overflow_temple_hex, serial_shops, shop,
          dreamdust_gnoll_farm, uniq_edmund, uniq_menkaure, uniq_sigmund,
          uniq_maggie
Temple:   nicolae_temple_god_jail

Skill      XL: |  1  2  3  4  5  6  7  8 |
---------------+-------------------------+-----
Conjurations   | 5 6 |  6.9
Stealth        | 3 4 5 6 |  6.2
Spellcasting   | 4 5 6 |  6.9
Dodging        | 3 4 |  4.1
Short Blades   | 1 |  1.8
Fighting       | 1 2 3 |  3.0
Ranged Weapons | 1 2 |  2.3
Maces & Flails | 1 |  1.3
Throwing       | 1 |  1.7
Hexes          | |  0.3

Action                     |  1- 3 |  4- 6 |  7- 9 || total
---------------------------+-------+-------+-------++-------
  Melee: Club              |     4 |       |       ||     4
         Rapier            |    18 |       |     9 ||    27
         Dagger            |     1 |     3 |    23 ||    27
         Mace              |       |    18 |    11 ||    29
         Punch             |       |     1 |     1 ||     2
   Fire: Sling             |     3 |     6 |    22 ||    31
  Throw: Dart              |       |     7 |     5 ||    12
   Cast: Magic Dart        |    48 |    32 |    19 ||    99
         Searing Ray       |     6 |     9 |     7 ||    22
         Dazzling Flash    |       |     1 |     9 ||    10
    Use: Scroll            |     2 |     2 |     7 ||    11
         Potion            |       |       |     3 ||     3
   Stab: Sleeping          |     3 |     1 |     1 ||     5
         Invisible         |       |       |     3 ||     3
 Armour: Robe              |    14 |     6 |    17 ||    37
         Skin              |       |     9 |       ||     9
  Dodge: Dodged            |    31 |    26 |    76 ||   133

Table legend: (Time is in decaauts)
 A = Elapsed time spent in this place.
 B = Non-inter-level travel time spent in this place.
 C = Inter-level travel time spent in this place.
 D = Time resting spent in this place.
 E = Time spent auto-exploring this place.
 F = Levels seen in this place.
 G = Mean time per level.
                   A        B        C        D        E       F      G
               +--------+--------+--------+--------+--------+-----+--------+
         Total |   6236 |   6000 |    236 |   2263 |   1610 |   7 |  890.9 |
       Dungeon |   6072 |   5836 |    236 |   2192 |   1610 |   6 | 1012.0 |
        Temple |    164 |    164 |      0 |     71 |      0 |   1 |  164.0 |
               +--------+--------+--------+--------+--------+-----+--------+

Top non-repeatable levels by time:
     D:4: 1924 daAuts
     D:1: 1478 daAuts
     D:3: 1129 daAuts
     D:5: 968 daAuts
     D:2: 566 daAuts
  Temple: 164 daAuts
     D:6: 4 daAuts
